 Dungeon Crawl Stone Soup version 0.29-a0-337-g68df138881 (webtiles) character file.

Game seed: 14106289252174168903

658 Jortsu the Chopper (level 7, -5/62 HPs)
             Began as a Hill Orc Fighter on Apr 16, 2022.
             Was a Follower of Beogh.
             Slain by a two-headed ogre
             ... wielding a +0 dire flail
              (8 damage)
             ... on level 5 of the Dungeon.
             The game lasted 00:06:58 (5148 turns).

Jortsu the Chopper (Hill Orc Fighter)               Turns: 5148, Time: 00:06:59

Health: -5/62      AC:  8    Str: 21    XL:     7   Next: 55%
Magic:  7/7        EV:  8    Int:  8    God:    Beogh [*.....]
Gold:   199        SH:  8    Dex: 10    Spells: 6/6 levels left

rFire   . . .      SeeInvis .   a - +0 war axe
rCold   . . .      Faith    .   u - +0 kite shield
rNeg    . . .      Spirit   .   b - +0 scale mail
rPois   .          Reflect  .   (no helmet)
rElec   .          Harm     .   (no cloak)
rCorr   .          Rampage  .   j - +0 pair of gloves
Will    .....                   (no boots)
Stlth   ..........              (no amulet)
HPRegen 0.20/turn               (no ring)
MPRegen 0.10/turn               (no ring)

@: mighty
A: no striking features
a: Renounce Religion


You were on level 5 of the Dungeon.
You worshipped Beogh.
Beogh was aware of your devotion.
You visited 1 branch of the dungeon, and saw 5 of its levels.

You collected 199 gold pieces.

Inventory:

Hand Weapons
 a - a +0 war axe (weapon)
Armour
 b - a +0 scale mail (worn)
 c - a +0 buckler
 j - a +0 pair of gloves (worn)
 u - a +0 kite shield (worn)
Jewellery
 v - a ring of fire
Wands
 s - a wand of flame (26)
Scrolls
 e - 2 scrolls of blinking
 t - a scroll of amnesia
Potions
 f - 3 potions of resistance
 g - a potion of haste {unknown}
 h - 2 potions of curing
 i - a potion of brilliance
 k - 2 potions of heal wounds {unknown}
 l - a potion of lignification {unknown}
 n - a potion of berserk rage {unknown}
 o - a potion of cancellation {unknown}
 r - a potion of degeneration {unknown}


   Skills:
 + Level 5.6 Fighting
 + Level 5.8 Axes
 + Level 5.5 Armour
 + Level 2.2 Dodging
 + Level 0.6 Stealth
 + Level 4.3 Shields


You had 6 spell levels left.
You didn't know any spells.
Your spell library contained the following spells:

 Spells                   Type           Power      Damage    Failure   Level
 Call Canine Familiar     Summ           0%         N/A       100%        3
 Portal Projectile        Hex/Tloc       0%         N/A       100%        3
 Leda's Liquefaction      Hex/Erth       0%         N/A       100%        4
 Olgreb's Toxic Radiance  Pois           0%         N/A       100%        4
 Ozocubu's Refrigeration  Ice            0%         4d5       100%        7
 Ignition                 Fire           0%         3d3       100%        8


Dungeon Overview and Level Annotations

Branches:
Dungeon (5/15)
 Temple: D:4-7

Altars:
Cheibriados
Wu Jian

Shops:
D:4 ?(


Message History

You block the sky beast's attack.
The orc priest mumbles some strange prayers to Beogh against you.
Beogh smites you!
You feel very mighty all of a sudden.
The sky beast hits you but does no damage.
You slice the sky beast!!
The sky beast is almost dead.
You block the sky beast's attack.
You barely miss the sky beast.
The sky beast is almost dead.
You block the sky beast's attack.
An orc comes into view. It is wielding a +0 war axe.
The orc shouts!
You slash the sky beast!
You kill the sky beast!
Beogh accepts your kill.
An orc comes into view. It is wielding a +0 dagger.
The orc priest barely misses you.
You closely miss the orc priest.
The orc shouts!
The orc priest barely misses you.
You closely miss the orc priest. You block the orc priest's attack.
You barely miss the two-headed ogre.
The two-headed ogre completely misses you.
The two-headed ogre hits you with a +0 giant club!!
* * * LOW HITPOINT WARNING * * *
You slash the two-headed ogre!
The two-headed ogre is moderately wounded.
You block the two-headed ogre's attack. The two-headed ogre barely misses you.
You barely miss the two-headed ogre.
The two-headed ogre is moderately wounded.
The orc priest miscasts a cantrip.
The two-headed ogre hits you with a +0 dire flail.
* * * LOW HITPOINT WARNING * * *
You block the two-headed ogre's attack.
You slash the two-headed ogre!
The two-headed ogre is heavily wounded.
The orc priest casts a cantrip, but nothing happens.
The two-headed ogre hits you with a +0 dire flail!
You die...

......
......
#......
###......o
.oo....{.
#ho......
#o# #O# #@#
##.#######
#.........
#.........
#.........
###.........
#......#####
#......#
#......#


You could see a two-headed ogre, a hound, an orc priest and 3 orcs.

Vanquished Creatures
  A sky beast (D:5)
  A necrophage (D:4)
  A scorpion (D:4)
  A gnoll sergeant (D:4)
  2 hounds (D:4)
  2 iguanas
  Natasha (thrice) (D:2)
  5 gnolls
  6 adders
  3 dart slugs
  5 orcs
  5 ball pythons
  6 bats
  8 endoplasms
  4 giant cockroaches
  6 goblins
  8 hobgoblins
  6 jackals (D:2)
  7 kobolds
  2 quokkas
  4 frilled lizards
  3 rats
  A toadstool (D:1)
90 creatures vanquished.

Vanquished Creatures (others)
  A worm (D:3)
  3 toadstools (D:1)
4 creatures vanquished.

Grand Total: 94 creatures vanquished

Notes
Turn   | Place    | Note
-------+----------+-------------------------------------------
     0 | D:1      | Jortsu the Hill Orc Fighter began the quest for the Orb.
     0 | D:1      | Reached XP level 1. HP: 19/19 MP: 1/1
   176 | D:1      | Reached XP level 2. HP: 27/27 MP: 2/2
   781 | D:2      | Noticed Natasha
   789 | D:2      | Killed Natasha
   790 | D:2      | Reached XP level 3. HP: 6/34 MP: 3/3
  1241 | D:2      | Noticed Natasha
  1248 | D:2      | Killed Natasha
  1249 | D:2      | Reached XP level 4. HP: 8/41 MP: 4/4
  1808 | D:2      | Noticed Natasha
  1816 | D:2      | Killed Natasha
  1937 | D:2      | Reached XP level 5. HP: 47/47 MP: 5/5
  1999 | D:2      | Found a faded altar of an unknown god.
  2145 | D:2      | Reached skill level 1 in Dodging
  2525 | D:3      | Found a snail-covered altar of Cheibriados.
  2767 | D:3      | Became a worshipper of Beogh the Brigand
  3023 | D:3      | Found an ornate altar of the Wu Jian Council.
  3153 | D:3      | Reached skill level 5 in Fighting
  3536 | D:4      | Found Xahull's Magic Scroll Emporium.
  3617 | D:4      | Reached * piety under Beogh
  3618 | D:4      | Reached skill level 5 in Armour
  3618 | D:4      | Reached XP level 6. HP: 39/56 MP: 6/6
  4447 | D:4      | Found Cuafyzua's Weapon Shoppe.
  4567 | D:4      | Reached XP level 7. HP: 9/61 MP: 7/7
  4908 | D:5      | Entered Level 5 of the Dungeon
  4927 | D:5      | Reached skill level 5 in Axes
  5138 | D:5      | Noticed a two-headed ogre
  5145 | D:5      | HP: 3/62 [two-headed ogre/+0 dire flail (24)]
  5148 | D:5      | Slain by a two-headed ogre

Illustrated notes

Levels and vault maps discovered:
D:1:      ldierk_water_garden, layout_rooms, serial_rivers,
          chequers_serial_rivers_micro_a, chequers_serial_rivers_micro_a,
          chequers_serial_rivers_micro_b, chequers_serial_rivers_marsh,
          chequers_serial_rivers_micro_d, chequers_serial_rivers_small_3
D:2:      layout_loops_ring, shapermc_ecumenical_altar_totnotflames,
          cheibrodos_gnoll_hut, uniq_natasha
D:3:      minmay_bubble_buster, layout_rooms, mainiacjoe_overflow_alcove_4,
          mainiacjoe_overflow_catwalk, minmay_stone_trees_medium
D:4:      kennysheep_six_static_rooms, layout_gridville, serial_shops,
          nicolae_shop_stone, kennysheep_little_box
D:5:      layout_basic

Skill      XL: |  1  2  3  4  5  6  7 |
---------------+----------------------+-----
Fighting       | 4 5 |  5.6
Armour         | 4 5 |  5.5
Axes           | 3 4 5 |  5.8
Dodging        | 1 2 |  2.2
Shields        | 4 |  4.3
Stealth        | |  0.6

Action                   |  1- 3 |  4- 6 |  7- 9 || total
-------------------------+-------+-------+-------++-------
Melee: War axe           |    67 |   224 |    47 ||   338
Invok: Convert to Beogh  |       |     1 |       ||     1
  Use: Scroll            |     2 |     7 |     1 ||    10
       Potion            |       |     1 |     2 ||     3
Armor: Scale mail        |    50 |    90 |    13 ||   153
Dodge: Dodged            |    51 |   108 |     9 ||   168
Block: Buckler           |    20 |    23 |       ||    43
       Kite shield       |       |    59 |    20 ||    79

Table legend: (Time is in decaauts)
 A = Elapsed time spent in this place.
 B = Non-inter-level travel time spent in this place.
 C = Inter-level travel time spent in this place.
 D = Time resting spent in this place.
 E = Time spent auto-exploring this place.
 F = Levels seen in this place.
 G = Mean time per level.
                   A        B        C        D        E       F      G
               +--------+--------+--------+--------+--------+-----+--------+
         Total |   5326 |   5214 |    112 |   1401 |   2822 |   5 | 1065.2 |
       Dungeon |   5326 |   5214 |    112 |   1401 |   2822 |   5 | 1065.2 |
               +--------+--------+--------+--------+--------+-----+--------+

Top non-repeatable levels by time:
     D:2: 1864 daAuts
     D:4: 1611 daAuts
     D:3: 919 daAuts
     D:1: 749 daAuts
     D:5: 181 daAuts
